 Dungeon Crawl Stone Soup version 0.21-a0-241-g2cbab09 (webtiles) character file.

48039 tidbits the Fighter (level 13, -9/119 HPs)
             Began as a Demigod Wanderer on Sept 3, 2017.
             Mangled by a stone giant (22 damage)
             ... on level 2 of the Orcish Mines.
             The game lasted 01:35:24 (8757 turns).

tidbits the Fighter (Demigod Wanderer)              Turns: 8757, Time: 01:35:24

Health: -9/119     AC: 39    Str: 19    XL:     13   Next: 74%
Magic:  31/31      EV:  8    Int: 28    God:
Gold:   1427       SH:  0    Dex: 18    Spells: 28/32 levels left

rFire    . . .     SeeInvis +   a - +6 shillelagh "Devastator" {shatter}
rCold    + + .     Gourm    +   (no shield)
rNeg     . . .     Faith    .   B - +8 orange crystal plate armour {Archmagi, Int+3 Clar}
rPois    .         Spirit   .   E - +2 hat {MR+}
rElec    .         Reflect  .   C - +2 cloak
rCorr    .         Harm     .   G - +2 pair of gloves
MR       ++...     Clarity  +   F - +1 pair of boots "Alattosse" {rC+}
Stlth    ..........             t - amulet "Ofiehonu" {Gourm Str+4 SInv}
HPRegen  0.29/turn              V - +1 ring of evasion
MPRegen  0.22/turn              W - ring of wizardry

@: no status effects
A: antennae 1, thin skeletal structure 1, clever 1, cold resistance 1, high mp 1
a: no special abilities


You were on level 2 of the Orcish Mines.
You were very full.

You visited 3 branches of the dungeon, and saw 19 of its levels.
You also visited: Labyrinth.

You collected 1589 gold pieces.
You spent 162 gold pieces at shops.

Inventory:

Hand Weapons
 a - the +6 shillelagh "Devastator" (weapon) {shatter}
   (You found it on level 6 of the Dungeon)
 b - a +1 hand crossbow
 e - a +1 battleaxe of electrocution
   (You took it off Rupert on level 6 of the Lair of Beasts)
 v - a +1 short sword of venom
   (You took it off Duvessa on level 5 of the Dungeon)
 J - a +2 war axe of electrocution
   (You found it on level 6 of the Lair of Beasts)
Missiles
 c - 101 bolts
 d - 175 arrows
 m - 8 javelins of returning
 Y - 3 javelins of penetration (quivered)
Armour
 B - the +8 orange crystal plate armour (worn) {Archmagi, Int+3 Clar}
   (You found it on level 6 of the Dungeon)

   It affects your intelligence (+3).
   It protects you against confusion.
 C - a +2 cloak (worn)
 E - a +2 hat of magic resistance (worn)
   (You took it off Gastronok on level 9 of the Dungeon)
 F - the +1 pair of boots "Alattosse" (worn) {rC+}
   (You found it on level 4 of the Dungeon)

   It protects you from cold.
 G - a +2 pair of gloves (worn)
 K - a +1 troll leather armour
Jewellery
 t - the amulet "Ofiehonu" (around neck) {Gourm Str+4 SInv}
   (You found it on level 4 of the Dungeon)

   [amulet of the gourmand]

   It allows you to eat raw meat even when not hungry.
   It affects your strength (+4).
   It lets you see invisible.
 T - an uncursed ring of positive energy
   (You found it on level 3 of the Lair of Beasts)
 V - a +1 ring of evasion (left hand)
   (You found it on level 6 of the Dungeon)
 W - a ring of wizardry (right hand)
   (You found it in a labyrinth)
Wands
 g - a wand of random effects (20/48)
 k - a wand of acid (9/15)
 y - a wand of lightning (3/15)
 A - a wand of digging (8/24)
 X - a wand of polymorph (12/24)
Scrolls
 i - 3 scrolls of teleportation
 l - 2 scrolls of magic mapping
 n - a scroll of fog
 o - a scroll of recharging
 p - 3 scrolls of immolation
 q - 7 scrolls of enchant weapon
 r - 3 scrolls of remove curse
Potions
 h - a potion of resistance
 j - 5 potions of cancellation
 s - a potion of magic {unknown}
 u - 3 potions of curing
 z - 4 potions of degeneration {unknown}
 H - 3 potions of lignification
 I - 2 potions of ambrosia
 N - a potion of mutation {!q}
 O - a potion of might
 P - 2 potions of haste {unknown}
 Q - 3 potions of flight
Miscellaneous
 D - a lamp of fire
Comestibles
 f - 5 bread rations


   Skills:
 - Level 12.5 Fighting
 - Level 2.0(2.1) Axes
   Level 1.0(1.6) Polearms
 - Level 9.1 Armour
 - Level 9.5 Dodging
 - Level 1.1 Stealth
   Level 1.0 Shields
 - Level 4.8 Unarmed Combat
 - Level 10.2 Spellcasting
 - Level 2.0 Necromancy
 - Level 2.0 Translocations
 + Level 5.5 Transmutations
 - Level 3.3 Earth Magic


You had 28 spell levels left.
You knew the following spells:

 Your Spells              Type           Power        Failure   Level  Hunger
a - Apportation           Tloc           #####.       65%         1    None
n - Animate Skeleton      Necr           N/A          65%         1    None
w - Passwall              Tmut/Erth      ######....   45%         2    None


Dungeon Overview and Level Annotations

Branches:
Dungeon (11/15)            Temple (0/1) D:6            Lair (6/6) D:11
  Swamp (0/4) Lair:4       Spider (0/4) Lair:4        Slime (0/5) Lair:6
    Orc (2/2) D:9             Elf (0/3) Orc:2

Shops:
D:4 :   D:6 :   D:7 (   D:9 }   Orc:1 *   Orc:2 =


Innate Abilities, Weirdness & Mutations

You have an increased reservoir of magic. (+10% MP)
You have a pair of small antennae on your head.
You have a somewhat thin skeletal structure. (Dex +2, Stealth)
Your mind is acute. (Int +2)
Your flesh is cold resistant. (rC+)


Message History

Items here: )) [[ †† You see here a club.
Things that are here:
a club; a scale mail; an orc corpse
Things that are here:
a long sword; a chain mail
Things that are here:
a short sword; a ring mail; an orc corpse You now have 1374 gold pieces (gained 18).
Things that are here:
a flail; an orc corpse You now have 1402 gold pieces (gained 28).
Found 25 gold pieces.
An ogre comes into view. It is wielding a giant spiked club.
The ogre shouts!
You see here 25 gold pieces.
You hit the ogre.
The ogre shudders.
The ogre is moderately wounded. x2
You hear a howl! x2; You hear a shout! x4
The ogre barely misses you.
You hit the ogre.
The ogre shudders.
You kill the ogre!
You hear a howl! 2 wargs come into view.
You now have 1427 gold pieces (gained 25).
The warg howls!
The warg moves out of view.
The warg closely misses you.
An orc warrior and a stone giant come into view.
You hit the warg.
The wargs shudder.
The warg is heavily wounded.
The warg is moderately wounded.
The warg is heavily wounded.
The warg barely misses you. The warg bites you but does no damage.
The orc warrior moves out of view.
An orc comes into view. It is wielding a dagger.
Found 31 gold pieces.
The warg bites you but does no damage.
Things that are here:
a giant spiked club; an ogre corpse The warg barely misses you.
You thump the warg!
The wargs shudder.
You kill the warg! x2
You hear a shout!
The stone giant throws a large rock.
The large rock barely misses you.
The stone giant throws a large rock.
The large rock hits you.
You see here a large rock.
An orc priest and an orc wizard come into view.
The orc priest shouts!
The orc wizard shouts!
The stone giant hits you but does no damage.
You hit the stone giant.
The stone giant, the orc and the orc warrior shudder.
The stone giant is lightly wounded.
You kill the orc!
The orc warrior is lightly wounded.
The stone giant is lightly wounded.
The stone giant hits you but does no damage.
You sock the stone giant!
The stone giant and the orc warrior shudder.
The stone giant is moderately wounded.
The orc warrior is severely wounded.
The stone giant is moderately wounded.
The stone giant hits you but does no damage.
The stone giant hits you!
You hit the stone giant.
The stone giant and the orc warrior shudder.
You kill the orc warrior!
The stone giant is moderately wounded.
The stone giant hits you but does no damage.
You hit the stone giant but do no damage.
The stone giant is moderately wounded.
The stone giant hits you!!
Your orange crystal plate armour prevents you from hitting the stone giant.
The stone giant is moderately wounded.
The orc wizard mumbles some strange words.
The orc wizard flickers and vanishes for a moment.
The stone giant hits you but does no damage.
The orc priest looks satisfied for a moment.
You hit the stone giant but do no damage.
The stone giant is moderately wounded.
The stone giant hits you but does no damage.
The orc wizard casts a spell at you. The puff of flame hits you!
The stone giant hits you!!
* * * LOW HITPOINT WARNING * * *
You hit the stone giant but do no damage.
The stone giant is moderately wounded.
The stone giant hits you!
* * * LOW HITPOINT WARNING * * *
You hit the stone giant but do no damage.
The stone giant is moderately wounded.
The orc wizard hits you but does no damage.
The stone giant hits you!!
* * * LOW HITPOINT WARNING * * *
The orc wizard hits you but does no damage.
The orc priest calls down the wrath of Beogh upon you.
Beogh smites you!
* * * LOW HITPOINT WARNING * * *
Okay, then.
Okay, then.
You feel better. The stone giant hits you!!
You die...

..... .....
#....$
#####......
##.#......
##.......
#......##
#.#.o#.#.#...
#.)@Co...#
####((##)......
##.#...# #......
## #.....###
#.#...
##.####.#.##.##
#.#..
#....#........#
....
##....#...#..##
...
#....##......#
.#
#...#......#####


You could see a stone giant, an orc priest and an orc wizard (invisible).

Vanquished Creatures
  Rupert (Lair:6)
  Gastronok (D:9)
  Snorg (Lair:6)
  A fire dragon (Lair:6)
  Josephine (Orc:1)
  Fannar (D:9)
  A minotaur (Lab)
  Erolcha (Orc:1)
  6 hydras
  A catoblepas (Lair:5)
  5 two-headed ogres
  An orc high priest (Orc:1)
  2 fire crabs
  2 orc sorcerers
  The ghost of Shiggs the Skirmisher, a novice NaFi (D:4)
  A torpor snail (Lair:6)
  7 black mambas
  Maurice (D:9)
  4 gargoyles (Lab)
  2 molten gargoyles (Lair:6)
  10 spiny frogs
  5 rime drakes
  4 komodo dragons
  3 trolls (Orc:1)
  Prince Ribbit (D:7)
  10 hippogriffs
  Eustachio (D:6)
  7 wyverns
  28 yaks
  5 wraiths (D:9)
  11 basilisks
  5 swamp worms (Lair:4)
  A hungry ghost (D:9)
  6 wargs
  6 hell hounds
  5 porcupines
  12 water moccasins
  Duvessa (D:5)
  11 orc warriors
  2 necrophages
  A black bear (Lair:5)
  2 phantoms
  6 wolves (Lair:1)
  4 ogres
  4 centaurs
  2 crocodiles (Lair:3)
  Blork the orc (D:6)
  4 bullfrogs
  Dowan (D:5)
  A scorpion (D:4)
  A wyvern skeleton (D:9)
  2 electric eels
  5 wights (D:9)
  9 howler monkeys
  2 crimson imps (D:5)
  5 lava snakes (Lair:6)
  2 bullfrog zombies
  4 hounds
  10 orc priests
  2 jellies
  2 centaur skeletons
  Crazy Yiuf (D:6)
  12 orc wizards
  3 bullfrog skeletons
  Ijyb (D:5)
  5 worker ants
  A hound skeleton (D:6)
  2 worker ant zombies
  3 gnolls (D:5)
  5 adders
  A howler monkey skeleton (D:8)
  3 shadow imps
  3 oozes
  An adder zombie (D:6)
  2 worms (D:2)
  A dart slug (D:5)
  A leopard gecko (D:7)
  43 orcs
  5 bats
  A giant cockroach (D:2)
  A goblin (D:3)
  5 hobgoblins
  2 jackals (D:8)
  3 kobolds (D:2)
  5 quokkas
  2 ball pythons
  5 frilled lizards
  2 quokka skeletons (D:9)
  8 rats
372 creatures vanquished.

Vanquished Creatures (others)
  A centaur (D:5)
  An orc priest (D:5)
  4 orcs
  9 fungi
  8 plants (Lair:6)
23 creatures vanquished.

Grand Total: 395 creatures vanquished

Notes
Turn   | Place    | Note
-------+----------+-------------------------------------------
     0 | D:1      | tidbits the Demigod Wanderer began the quest for the Orb.
     0 | D:1      | tidbits set off with: a +2 hand axe, a +0 hand crossbow, 25 bolts, a potion of lignification, a +0 robe, a bread ration
     0 | D:1      | Reached XP level 1. HP: 17/17 MP: 3/3
    92 | D:2      | Reached skill level 2 in Axes
   126 | D:2      | Reached skill level 2 in Fighting
   126 | D:2      | Reached XP level 2. HP: 17/24 MP: 4/4
   498 | D:3      | Reached XP level 3. HP: 30/30 MP: 5/5
   525 | D:3      | Reached skill level 2 in Dodging
   647 | D:4      | Found a sacrificial altar of Ru.
   688 | D:4      | Got a steaming jade amulet
   689 | D:4      | Identified the amulet "Ofiehonu" {Gourm Str+4 SInv} (You found it on level 4 of the Dungeon)
   706 | D:4      | Found a white marble altar of Elyvilon.
   707 | D:4      | Noticed Shiggs's ghost (novice NaFi)
   724 | D:4      | Reached skill level 3 in Fighting
   724 | D:4      | Reached XP level 4. HP: 35/38 MP: 6/6
   739 | D:4      | Killed Shiggs's ghost
   739 | D:4      | Reached skill level 4 in Fighting
   739 | D:4      | Reached skill level 4 in Dodging
   739 | D:4      | Reached XP level 5. HP: 28/47 MP: 7/7
   739 | D:4      | Reached XP level 6. HP: 32/53 MP: 8/8
   908 | D:4      | Got a pair of faintly glowing boots
   914 | D:4      | Identified the +1 pair of boots "Alattosse" {rC+} (You found it on level 4 of the Dungeon)
   920 | D:4      | Found Diokhana's Book Emporium.
   954 | D:4      | Reached skill level 5 in Fighting
  1182 | D:5      | Entered Level 5 of the Dungeon
  1208 | D:5      | Reached XP level 7. HP: 58/61 MP: 9/9
  1322 | D:5      | Found a blossoming altar of Fedhas.
  1426 | D:5      | Reached skill level 6 in Fighting
  1550 | D:5      | Noticed Duvessa
  1558 | D:5      | Noticed Dowan
  1560 | D:5      | Killed Duvessa
  1568 | D:5      | Killed Dowan
  1581 | D:5      | Reached skill level 7 in Fighting
  1711 | D:5      | Noticed Ijyb
  1718 | D:5      | Killed Ijyb
  1786 | D:6      | Reached XP level 8. HP: 63/74 MP: 10/10
  1824 | D:6      | Gained mutation: You have a somewhat thin skeletal structure. (Dex +2, Stealth) [potion of mutation]
  1824 | D:6      | Gained mutation: Your mind is acute. (Int +2) [potion of mutation]
  1824 | D:6      | Gained mutation: Your flesh is cold resistant. (rC+) [potion of mutation]
  1824 | D:6      | Gained mutation: You have a pair of small antennae on your head. [potion of mutation]
  1848 | D:6      | Found a runed door.
  1852 | D:6      | Noticed Crazy Yiuf
  1853 | D:6      | Found the +6 shillelagh "Devastator" {shatter}
  1859 | D:6      | Killed Crazy Yiuf
  1934 | D:7      | Reached skill level 8 in Fighting
  1979 | D:7      | Found Getosain's Antique Weapon Boutique.
  2046 | D:7      | Found a bloodstained altar of Trog.
  2086 | D:8      | Noticed a hippogriff
  2102 | D:8      | HP: 11/115 [hippogriff (8)]
  2106 | D:8      | Killed a hippogriff
  2106 | D:8      | Reached skill level 9 in Fighting
  2175 | D:7      | Noticed Prince Ribbit
  2332 | D:6      | Noticed Blork the orc
  2351 | D:6      | Killed Blork the orc
  2393 | D:6      | Found a staircase to the Ecumenical Temple.
  2441 | D:6      | Found a hide-covered altar of Uskayaw.
  2552 | D:6      | Noticed Eustachio
  2559 | D:6      | Found Tialoal's Book Boutique.
  2566 | D:6      | Killed Eustachio
  2566 | D:6      | Reached skill level 10 in Fighting
  2566 | D:6      | Reached skill level 5 in Dodging
  2567 | D:6      | Noticed a two-headed ogre
  2574 | D:6      | Killed a two-headed ogre
  2574 | D:6      | Reached skill level 6 in Dodging
  2574 | D:6      | Reached XP level 9. HP: 44/86 MP: 11/11
  2624 | D:6      | Found the +8 orange crystal plate armour {Archmagi, Int+3 Clar}
  2829 | D:4      | Found a sparkling altar of Nemelex Xobeh.
  2870 | D:5      | Reached skill level 2 in Armour
  2916 | D:4      | Reached skill level 3 in Armour
  3060 | D:7      | Killed Prince Ribbit
  3060 | D:7      | Reached skill level 4 in Armour
  3271 | D:8      | Found a glowing golden altar of the Shining One.
  3441 | D:9      | Reached skill level 5 in Armour
  3503 | D:9      | Noticed Maurice
  3589 | D:9      | Killed Maurice
  3589 | D:9      | Reached skill level 6 in Armour
  3614 | D:9      | Noticed a two-headed ogre
  3620 | D:9      | Killed a two-headed ogre
  3620 | D:9      | Reached skill level 7 in Armour
  3620 | D:9      | Reached XP level 10. HP: 79/94 MP: 13/13
  3659 | D:9      | You fall through a shaft!
  3659 | D:10     | Entered Level 10 of the Dungeon
  3694 | D:9      | Found Xoatim's Gadget Boutique.
  3718 | D:9      | Found a staircase to the Orcish Mines.
  3727 | Orc:1    | Entered Level 1 of the Orcish Mines
  3727 | Orc:1    | Noticed Fannar
  3727 | Orc:1    | Noticed an orc sorcerer
  3732 | Orc:1    | Noticed Gastronok
  3734 | D:9      | Killed an orc sorcerer
  3734 | D:9      | Reached skill level 8 in Armour
  3747 | D:9      | Killed Fannar
  3747 | D:9      | Reached skill level 9 in Armour
  3796 | D:10     | Noticed a two-headed ogre
  3801 | D:10     | Noticed a two-headed ogre
  3807 | D:9      | Killed a two-headed ogre
  3838 | D:9      | Noticed a two-headed ogre
  3848 | D:9      | Killed a two-headed ogre
  3967 | D:10     | Reached skill level 7 in Dodging
  3988 | D:10     | Killed a two-headed ogre
  3988 | D:10     | Reached skill level 11 in Fighting
  4091 | D:11     | Reached XP level 11. HP: 89/102 MP: 14/14
  4129 | D:11     | Found a staircase to the Lair.
  4149 | Lair:1   | Entered Level 1 of the Lair of Beasts
  4215 | Lair:1   | Reached skill level 8 in Dodging
  4433 | Lair:2   | Found a labyrinth entrance.
  4449 | Lab      | Entered a labyrinth
  4528 | Lab      | Reached skill level 12 in Fighting
  4567 | Lab      | Noticed a minotaur
  4572 | Lab      | Killed a minotaur
  4572 | Lab      | Reached skill level 9 in Dodging
  4577 | Lab      | Got a translucent large shield
  4583 | Lab      | Identified the -3 large shield "Ycsug" {rPois rF- rC+ Stlth+} (You found it in a labyrinth)
  5050 | Lair:4   | Reached skill level 1 in Spellcasting
  5103 | Lair:4   | Found a hole to the Spider Nest.
  5199 | Lair:4   | Reached skill level 2 in Spellcasting
  5254 | Lair:3   | Reached skill level 3 in Spellcasting
  5400 | Lair:5   | Reached skill level 4 in Spellcasting
  5437 | Lair:5   | Reached XP level 12. HP: 68/113 MP: 21/21
  5446 | Lair:5   | Reached skill level 1 in Unarmed Combat
  5458 | Lair:5   | Reached skill level 2 in Unarmed Combat
  5564 | Lair:4   | Found a staircase to the Swamp.
  5574 | Lair:4   | Reached skill level 3 in Unarmed Combat
  5755 | Lair:4   | Reached skill level 4 in Unarmed Combat
  6125 | Lair:6   | Entered Level 6 of the Lair of Beasts
  6125 | Lair:6   | Noticed a seven-headed hydra
  6130 | Lair:6   | Killed a seven-headed hydra
  6132 | Lair:6   | Noticed a six-headed hydra
  6146 | Lair:5   | HP: 11/113 [poisoned by a water moccasin]
  6152 | Lair:5   | HP: 11/113 [poisoned by a water moccasin]
  6158 | Lair:5   | HP: 11/113 [poisoned by a water moccasin]
  6317 | Lair:5   | Reached skill level 5 in Spellcasting
  6318 | Lair:5   | Noticed a four-headed hydra
  6322 | Lair:5   | Killed a four-headed hydra
  6327 | Lair:5   | Noticed a catoblepas
  6334 | Lair:5   | Killed a catoblepas
  6334 | Lair:5   | Reached skill level 6 in Spellcasting
  6367 | Lair:5   | Reached skill level 7 in Spellcasting
  6595 | Lair:6   | Found a viscous altar of Jiyva.
  6595 | Lair:6   | Found a staircase to the Slime Pits.
  6687 | Lair:6   | Noticed a six-headed hydra
  6691 | Lair:6   | Killed a six-headed hydra
  6691 | Lair:6   | Reached skill level 8 in Spellcasting
  6698 | Lair:6   | Killed a six-headed hydra
  6894 | Lair:6   | Found a large runed door.
  6894 | Lair:6   | Noticed a fire dragon
  7031 | Lair:6   | Reached XP level 13. HP: 96/119 MP: 30/30
  7046 | Lair:6   | Found a large runed door.
  7054 | Lair:6   | Reached skill level 9 in Spellcasting
  7063 | Lair:6   | Noticed Rupert
  7078 | Lair:6   | HP: 14/178 [Rupert/battleaxe of electrocution (19)]
  7080 | Lair:6   | Killed Rupert
  7278 | Lair:6   | Reached skill level 10 in Spellcasting
  7427 | Lair:6   | Learned a level 2 spell: Passwall
  7469 | Lair:6   | Noticed Snorg
  7476 | Lair:6   | Reached skill level 1 in Transmutations
  7476 | Lair:6   | Reached skill level 1 in Earth Magic
  7483 | Lair:6   | Killed Snorg
  7483 | Lair:6   | Reached skill level 2 in Transmutations
  7483 | Lair:6   | Reached skill level 2 in Earth Magic
  7596 | Lair:6   | Learned a level 1 spell: Apportation
  7598 | Lair:6   | Learned a level 1 spell: Animate Skeleton
  7817 | Lair:2   | Reached skill level 1 in Necromancy
  7817 | Lair:2   | Reached skill level 1 in Translocations
  8019 | D:9      | Killed Gastronok
  8019 | D:9      | Reached skill level 3 in Transmutations
  8019 | D:9      | Reached skill level 3 in Earth Magic
  8053 | D:9      | Reached skill level 2 in Translocations
  8055 | Orc:1    | Noticed Josephine
  8061 | D:9      | Reached skill level 2 in Necromancy
  8080 | Orc:1    | Found Pialot's Assorted Antiques.
  8088 | Orc:1    | Killed Josephine
  8108 | Orc:1    | Bought an ivory ring for 120 gold pieces
  8108 | Orc:1    | Bought a fuming ruby potion for 21 gold pieces
  8108 | Orc:1    | Bought a grey potion for 21 gold pieces
  8132 | Orc:1    | Reached skill level 4 in Transmutations
  8203 | Orc:1    | Found a roughly hewn altar of Beogh.
  8299 | Orc:2    | Entered Level 2 of the Orcish Mines
  8299 | Orc:2    | Found Lefysmaiju's Jewellery Shoppe.
  8378 | Orc:1    | Noticed Erolcha
  8455 | Orc:1    | Killed Erolcha
  8455 | Orc:1    | Reached skill level 5 in Transmutations
  8675 | Orc:2    | Found a staircase to the Elven Halls.
  8740 | Orc:2    | Noticed a stone giant
  8756 | Orc:2    | HP: 3/119 [orc priest/divine providence (12)]
  8757 | Orc:2    | Mangled by a stone giant

Vault maps used:
D:1:      ncdulo_lavacross, serial_curves, eino_curves_02, eino_curves_02
D:3:      lemuel_round_altar
D:4:      nicolae_ru_great_annihilating_truth, nicolae_overflow_hidden_temple,
          elyvilon_altar_1, serial_shops, nicolae_shop_statue_plus
D:5:      nicolae_qazlal_eye_of_the_storm, fedhas_altar_2, first_bread,
          nemelex_dance_club_becter, uniq_ijyb, uniq_duvessa, uniq_edmund
D:6:      minmay_temple_entry_junction_2, serial_shops, nicolae_shop_trees,
          basic_altar, uniq_eustachio, uniq_crazy_yiuf_cottage,
          uniq_blork_the_orc
D:7:      old_standard_altar, kennysheep_little_box, tgw_sif, serial_shops,
          shop, grunt_livestock, kennysheep_nub, uniq_prince_ribbit1
D:8:      chequers_temple_overflow_minitemple, old_standard_altar,
          lemuel_crystal_altar
D:9:      orc_0_dummy, serial_shops, nicolae_shop_behind_doors, uniq_maurice
D:10:     hangedman_abyss_or_decor_stagger, jmf_multi_god_temple2
D:11:     erik_lair_orcish_takeover, serial_shops, shop, hangedman_batty
Lair:1:   infiniplex_staircase_pool
Lair:2:   lab_entry_generic, serial_bayou_pond_d, lemuel_fruit_fields,
          lemuel_fruit_tree
Lair:4:   nicolae_swamp_entry_splash_gauntlet, spider_nest_entry_web_field
Lair:5:   special_room
Lair:6:   cheibrodos_lair_end_hotspot, slime_altar_1, uniq_rupert, uniq_snorg
Orc:1:    serial_shops, shop, bh_open_orc_temple, uniq_fannar, uniq_josephine,
          uniq_gastronok, uniq_erolcha
Orc:2:    st_orc_mages, serial_shops, shop, guppyfry_library_mini
Lab:      nicolae_lab_garden, nicolae_lab_swirl, labyrinth_skeletal_remains,
          nicolae_lab_stuck, nicolae_lab_do_over, labyrinth_fake_exit

Skill      XL: |  1  2  3  4  5  6  7  8  9 10 11 12 13 |
---------------+----------------------------------------+-----
Axes           | 2 |  2.0
Fighting       | 2 3 4 5 7 10 11 12 | 12.5
Dodging        | 2 4 6 7 9 |  9.5
Armour         | 7 9 |  9.1
Spellcasting   | 4 8 10 | 10.2
Unarmed Combat | 4 |  4.8
Transmutations | 5 |  5.5
Earth Magic    | 3 |  3.3
Necromancy     | 2 |  2.0
Translocations | 2 |  2.0
Polearms       | |  1.0
Stealth        | |  1.1
Shields        | |  1.0

Action                   |  1- 3 |  4- 6 |  7- 9 | 10-12 | 13-15 || total
-------------------------+-------+-------+-------+-------+-------++-------
Melee: Hand axe          |    19 |    34 |    15 |       |       ||    68
       Short sword       |       |       |    49 |       |       ||    49
       Shillelagh        |       |       |   122 |   416 |   269 ||   807
       Punch             |       |       |       |     4 |     7 ||    11
 Fire: Hand crossbow     |    60 |    48 |    92 |     6 |       ||   206
Throw: Javelin           |       |       |     2 |       |       ||     2
 Cast: Animate Skeleton  |       |       |       |       |     1 ||     1
Evoke: Wand              |       |       |       |     8 |       ||     8
  Use: Potion            |     3 |     1 |     5 |     3 |     4 ||    16
       Scroll            |       |       |    10 |     7 |     8 ||    25
  Eat: Chunk             |       |     1 |    13 |    13 |     8 ||    35
       Meat ration       |       |       |     2 |       |       ||     2
Armor: Robe              |     9 |       |       |       |       ||     9
       Skin              |    19 |    13 |       |     2 |       ||    34
       Scale mail        |       |    17 |    55 |       |       ||    72
       Crystal plate arm |       |       |    88 |   538 |   356 ||   982
       Troll leather arm |       |       |       |     1 |       ||     1
Dodge: Dodged            |    29 |    29 |   105 |   210 |   192 ||   565

Table legend:
 A = Spawn XP
 B = Non-spawn XP
 C = Spawn XP percentage of total XP
 D = Spawn monster count
 E = Non-spawn monster count
 F = Spawn count percentage of total count
 G = Total turns spent on level
                    A         B        C        D         E        F      G
               +---------+---------+-------+---------+---------+-------+---------
         Total |    5875 |   62753 |   8.6 |      27 |     345 |   7.3 |  8757
               +---------+---------+-------+---------+---------+-------+---------
           D:1 |       0 |      11 |   0.0 |       0 |       8 |   0.0 |   201
           D:2 |       0 |      35 |   0.0 |       0 |      11 |   0.0 |   267
           D:3 |       1 |      27 |   3.6 |       1 |      10 |   9.1 |   321
           D:4 |       0 |     965 |   0.0 |       0 |      13 |   0.0 |   483
           D:5 |     124 |     779 |  13.7 |       4 |      24 |  14.3 |   680
           D:6 |      43 |    1681 |   2.5 |       1 |      14 |   6.7 |   657
           D:7 |      46 |     714 |   6.1 |       2 |       8 |  20.0 |   594
           D:8 |       0 |     649 |   0.0 |       0 |      13 |   0.0 |   200
           D:9 |     938 |    8783 |   9.6 |       1 |      45 |   2.2 |   566
          D:10 |       0 |    1077 |   0.0 |       0 |       8 |   0.0 |   200
          D:11 |       0 |    2064 |   0.0 |       0 |      15 |   0.0 |    87
        Lair:1 |     153 |    2495 |   5.8 |       1 |      14 |   6.7 |   401
        Lair:2 |     411 |    2030 |  16.8 |       1 |       6 |  14.3 |   287
        Lair:3 |       0 |    3560 |   0.0 |       0 |      16 |   0.0 |   298
        Lair:4 |    2724 |    2262 |  54.6 |       9 |      12 |  42.9 |   630
        Lair:5 |     784 |    6389 |  10.9 |       2 |      23 |   8.0 |   911
        Lair:6 |     512 |   19926 |   2.5 |       2 |      49 |   3.9 |  1113
         Orc:1 |     139 |    4887 |   2.8 |       3 |      17 |  15.0 |   492
         Orc:2 |       0 |    1739 |   0.0 |       0 |      34 |   0.0 |   202
           Lab |       0 |    2680 |   0.0 |       0 |       5 |   0.0 |   167
               +---------+---------+-------+---------+---------+-------+---------

Table legend:
 A = Turns spent in this place as a percentage of turns spent in the entire game.
 B = Non-inter-level travel turns spent in this place as a percentage of non-inter-level travel turns spent in the entire game.
 C = Inter-level travel turns spent in this place as a percentage of turns spent in this place.
 D = Turns resting spent in this place as a percentage of non-inter-level travel turns spent in this place.
 E = Turns spent auto-exploring this place as a percentage of non-inter-level travel turns spent in this place.
 F = Non-inter-level travel turns spent in this place divided by the number of levels of this place that you've seen.
                   A       B       C       D       E      F
               +-------+-------+-------+-------+-------+----------------------
         Total | 100.0 | 100.0 |   7.2 |   0.0 |   0.0 | 406.2
       Dungeon |  48.6 |  48.3 |   7.7 |   0.0 |   0.0 | 357.0
          Lair |  41.6 |  41.3 |   7.7 |   0.0 |   0.0 | 559.7
  Orcish Mines |   7.9 |   8.3 |   3.0 |   0.0 |   0.0 | 336.5
     Labyrinth |   1.9 |   2.1 |   0.0 |   0.0 |   0.0 | 167.0
               +-------+-------+-------+-------+-------+----------------------

Table legend:
 A = Kills in this place as a percentage of kills in entire the game.
 B = Kills by you in this place as a percentage of kills by you in the entire game.
 C = Kills by friends in this place as a percentage of kills by friends in the entire game.
 D = Other kills in this place as a percentage of other kills in the entire game.
 E = Experience gained in this place as a percentage of experience gained in the entire game.
 F = Experience gained in this place divided by the number of levels of this place that you have seen.
                   A       B       C       D       E      F
               +-------+-------+-------+-------+-------+----------------------
         Total | 100.0 | 100.0 |   N/A |   N/A | 100.0 | 3431.4
       Dungeon |  47.8 |  47.8 |   N/A |   N/A |  26.1 | 1630.6
          Lair |  36.3 |  36.3 |   N/A |   N/A |  60.1 | 6874.3
  Orcish Mines |  14.5 |  14.5 |   N/A |   N/A |   9.9 | 3382.5
     Labyrinth |   1.3 |   1.3 |   N/A |   N/A |   3.9 | 2680.0
               +-------+-------+-------+-------+-------+----------------------

Vault maps used:
D:1:      ncdulo_lavacross, serial_curves, eino_curves_02, eino_curves_02
D:3:      lemuel_round_altar
D:4:      nicolae_ru_great_annihilating_truth, nicolae_overflow_hidden_temple,
          elyvilon_altar_1, serial_shops, nicolae_shop_statue_plus
D:5:      nicolae_qazlal_eye_of_the_storm, fedhas_altar_2, first_bread,
          nemelex_dance_club_becter, uniq_ijyb, uniq_duvessa, uniq_edmund
D:6:      minmay_temple_entry_junction_2, serial_shops, nicolae_shop_trees,
          basic_altar, uniq_eustachio, uniq_crazy_yiuf_cottage,
          uniq_blork_the_orc
D:7:      old_standard_altar, kennysheep_little_box, tgw_sif, serial_shops,
          shop, grunt_livestock, kennysheep_nub, uniq_prince_ribbit1
D:8:      chequers_temple_overflow_minitemple, old_standard_altar,
          lemuel_crystal_altar
D:9:      orc_0_dummy, serial_shops, nicolae_shop_behind_doors, uniq_maurice
D:10:     hangedman_abyss_or_decor_stagger, jmf_multi_god_temple2
D:11:     erik_lair_orcish_takeover, serial_shops, shop, hangedman_batty
Lair:1:   infiniplex_staircase_pool
Lair:2:   lab_entry_generic, serial_bayou_pond_d, lemuel_fruit_fields,
          lemuel_fruit_tree
Lair:4:   nicolae_swamp_entry_splash_gauntlet, spider_nest_entry_web_field
Lair:5:   special_room
Lair:6:   cheibrodos_lair_end_hotspot, slime_altar_1, uniq_rupert, uniq_snorg
Orc:1:    serial_shops, shop, bh_open_orc_temple, uniq_fannar, uniq_josephine,
          uniq_gastronok, uniq_erolcha
Orc:2:    st_orc_mages, serial_shops, shop, guppyfry_library_mini
Lab:      nicolae_lab_garden, nicolae_lab_swirl, labyrinth_skeletal_remains,
          nicolae_lab_stuck, nicolae_lab_do_over, labyrinth_fake_exit
